carrot, neutral male human Tourist --------- ----- --------- ----- .....[. |.!.-# |.......|#####....| ...... |.!.|# |.......|# |...-# ..... |!..|# -.----.--# ....|# q. |!!.|# # ####` |...|# q |...|# ### ## -----# ##d@## -----# ##### # # # # # ### # # # #`### # ### # ### # # # # # # # ##################### #### #### ### # #---|-|--------- #------## # # #|.............| #|.>...## ------.-# #|.............| #-...^|# |.......|# #..............| |.....# |.......|# |......<......| |....| |.......|# --------------- ------ |........# --------- carrot the Sightseer Experience level: 4 Strength: 10 Dexterity: 14 Constitution: 16 Intelligence: 17 Wisdom: 9 Charisma: 13 Health: 0(28) Energy: 14(14) Def: 3 Gold: 1162 Moves: 3325 Dungeon seed: bexi5g67eXGBGF9J Game ID: carrot_1530848940 Your Inventory: Coins $ - 1162 gold pieces Weapons a - 14 +2 darts (in quiver) m - a cursed -1 orcish dagger named cursed v - a blessed +0 orcish dagger x - a +0 orcish dagger named dont buc B - a +0 long sword (weapon in hand) C - 2 +0 daggers F - a cursed -2 orcish dagger Armor e - an uncursed +0 Hawaiian shirt (being worn) n - an uncursed +0 orcish helm (being worn) y - an uncursed +0 dwarvish cloak N - a blessed +0 pair of iron shoes (being worn) Comestibles b - 2 uncursed tripe rations c - 4 uncursed food rations Scrolls i - 3 uncursed scrolls of magic mapping j - a blessed scroll of magic mapping Potions h - 2 uncursed potions of extra healing r - a cursed potion of blindness u - an uncursed potion of sickness E - an uncursed potion of levitation I - an uncursed potion of oil K - a cursed potion of extra healing L - an uncursed potion of water Rings s - an uncursed ring of regeneration Wands t - a wand of striking (0:5) w - a wand of probing (0:3) Tools k - an expensive camera (0:86) l - an uncursed credit card q - an uncursed pair of lenses D - an uncursed partly used tallow candle (lit) (0:79) G - an uncursed tin opener H - an uncursed mirror Gems z - 2 uncursed worthless pieces of white glass Spells and supernatural/magical abilities: Name Level Category Fail Memory W - pray for help -- divine ? -- Your skills at the end: Fighting Skills Weapon Skills dart [Basic] Spellcasting Skills Final Attributes: You were piously aligned. You are dead. Vanquished creatures: a small mimic a gnome lord a gnomish wizard 2 dwarves 2 dwarf zombies an iguana 2 coyotes a hobbit a hobgoblin 3 giant rats a red mold 2 gnomes a gnome zombie 3 geckos 5 jackals 2 foxes a kobold 3 goblins 3 sewer rats a grid bug 5 lichens a kobold zombie 9 newts 52 creatures vanquished. Voluntary challenges: You were an atheist. You used a wielded weapon 25 times, starting on turn 1003. You read items or engraved 5 times, starting on turn 1041. You never genocided any monsters. You never polymorphed an object. You never changed form. You used no wishes. You never split a pudding. You wrote Elbereth's name 4 times, starting on turn 1041. You never violated your personal moral code. Dungeon overview: The Dungeons of Doom: levels 1 to 5 Level 1 a fountain a long staircase Level 2 some fountains Level 3 stairs to The Gnomish Mines Level 4 <- You were here a potion shop Level 5 The Gnomish Mines: Level 4 stairs to The Dungeons of Doom History has recorded: On T:1 you entered the Dungeons of Doom to retrieve the Amulet of Yendor! On T:508 you reached level 2 of The Dungeons of Doom. On T:1029 you reached level 3 of The Dungeons of Doom. On T:1062 you reached level 4 of The Dungeons of Doom. On T:1084 you advanced to experience level 2. On T:1706 you advanced to experience level 3. On T:1826 you reached level 1 of The Gnomish Mines. On T:2650 you advanced to experience level 4. On T:3080 you reached level 5 of The Dungeons of Doom. Score breakdown: Gold: 300 ( 8431 points) Experience: 4 levels ( 9649 points) Exploration: 5 levels ( 10.64%) ( 8846 points) Discoveries: 2 items ( 0.67%) ( 2457 points) Valuables value: (no points given unless you survive) Artifact value: 0 ( 0 points) Variety of kills: 23 monsters ( 6.04%) ( 7370 points) Turncount: 3325 turns ( -751 points) Survival: died (score multiplied by 80%) Total score: 28801 Latest messages: You see here a bubbly potion (200 zorkmids). You see here an effervescent potion (266 zorkmids). You bought a clear potion for 8 gold pieces. "Thank you for shopping in Gliwice's liquor emporium!" Your candle's flame burns brightly! You displace your dog. $ - 91 gold pieces. You displace your dog. You feel agile! You must have been working on your reflexes. You feel tough! You must be leading a healthy life-style. The door opens. The rothe hits! The rothe bites! (2x) The rothe hits! The rothe bites! (2x) The rothe is blinded by the flash! The rothe turns to flee! The rothe hits! The rothe bites! (2x) You die... Final status: Aloha carrot the Tourist, killed by a rothe... You died in The Dungeons of Doom on dungeon level 4 with 28801 points, and 1162 pieces of gold, after 3325 moves. You were level 4 with a maximum of 28 hit points when you died.